 Dungeon Crawl Stone Soup version 0.30-a0-341-g682706514a (webtiles) character file.

Game seed: 15391930677511502452

2 Lobster4 the Caller (level 1, 0/14 HPs)
             Began as a Hill Orc Summoner on Nov 3, 2022.
             Slain by a bat (1 damage)
             ... on level 1 of the Dungeon.
             The game lasted 00:00:43 (26 turns).

Lobster4 the Caller (Hill Orc Summoner)               Turns: 26, Time: 00:00:43

Health: 0/14       AC:  2    Str: 10    XL:     1   Next: 30%
Magic:  1/3        EV: 12    Int: 15    God:
Gold:   0          SH:  0    Dex: 11    Spells: 2/3 levels left

rFire   . . .      SeeInvis .    (no weapon)
rCold   . . .      Faith    .    (no shield)
rNeg    . . .      Spirit   .    a - +0 robe
rPois   .          Reflect  .    (no helmet)
rElec   .          Harm     .    (no cloak)
rCorr   .          Rampage  .    (no gloves)
Will    .....                    (no boots)
Stlth   ++........               (no amulet)
HPRegen 0.22/turn                (no ring)
MPRegen 0.08/turn                (no ring)

@: no status effects
A: no striking features
a: no special abilities


You were on level 1 of the Dungeon.
You visited 1 branch of the dungeon, and saw 1 of its levels.

Inventory:

Armour
 a - a +0 robe (worn)
Potions
 b - a potion of magic


   Skills:
 + Level 0.1 Fighting
 + Level 0.1 Armour
 + Level 1.6 Dodging
 - Level 1.5 Stealth
 + Level 1.6 Spellcasting
 + Level 4.0 Summonings


You had 2 spell levels left.
You knew the following spells:

 Your Spells              Type           Power      Damage    Failure   Level
a - Summon Small Mammal   Summ           52%        N/A       4%          1

Your spell library contained the following spells:

 Spells                   Type           Power      Damage    Failure   Level
 Call Imp                 Summ           13%        N/A       7%          2
 Call Canine Familiar     Summ           13%        N/A       13%         3
 Summon Guardian Golem    Hex/Summ       7%         N/A       30%         3
 Summon Lightning Spire   Summ/Air       7%         N/A       71%         4


Dungeon Overview and Level Annotations

Branches:
Dungeon (1/15)

Altars:


Message History

Your bat hits the kobold but does no damage.
The bat misses you.
Your bat misses the bat. The ball python closely misses you.
The ball python grabs you. The ball python constricts you.
Your bat hits the bat but does no damage.
An endoplasm comes into view.
The bat hits you but does no damage.
You barely miss the ball python.
The ball python is heavily wounded.
Your bat closely misses the bat.
The bat hits you but does no damage.
Your bat closely misses the kobold.
The ball python barely misses you. The ball python constricts you.
Your bat closely misses the kobold.
The kobold hits you with a +0 club.
You closely miss the ball python.
The ball python is heavily wounded.
Your bat hits the kobold but does no damage.
Your bat completely misses the bat.
The ball python bites you. The ball python constricts you.
The ball python closely misses you. The ball python constricts you.
The bat hits you. The kobold barely misses you.
Your bat closely misses the kobold.
You barely miss the ball python.
The ball python is heavily wounded.
Your bat barely misses the kobold.
The bat hits you but does no damage. x2
Your bat hits the kobold. The ball python bites you.
The ball python constricts you. The kobold hits you but does no damage.
The endoplasm hits your bat.
You hit the ball python.
You kill the ball python!
The bat hits you but does no damage.
Your bat hits the kobold but does no damage. x2
The kobold hits you with a +0 club.
* * * LOW HITPOINT WARNING * * *
Your bat closely misses the kobold.
Your bat misses the kobold. The bat completely misses you.
Your bat misses the bat. The kobold attacks as you move away!
The kobold hits you with a +0 club.
* * * LOW HITPOINT WARNING * * *
The bat attacks as you move away! The bat hits you but does no damage.
Your bat closely misses the bat.
Your bat barely misses the kobold.
The bat hits you.
You die...

#.......
#......
#####.....
#.....J..
#.......
#....bb#
#....K.#
#.....b#
#.....@#
#######.#
#....#..#
#.##.'..#
#....#..#
#....#..#
#<...+..#
#....#.##
#....#.#


You could see an endoplasm, a bat (ally target), a kobold (ally target) and 2
friendly bats.

Vanquished Creatures
  A ball python (D:1)
1 creature vanquished.

Vanquished Creatures (collateral kills)
  A frilled lizard (D:1)
1 creature vanquished.

Grand Total: 2 creatures vanquished

Notes
Turn   | Place    | Note
-------+----------+-------------------------------------------
     0 | D:1      | Lobster4 the Hill Orc Summoner began the quest for the Orb.
     0 | D:1      | Reached XP level 1. HP: 14/14 MP: 3/3
    26 | D:1      | Slain by a bat

Illustrated notes

Levels and vault maps discovered:
D:1:      lemuel_arrival_behind_the_door_small, layout_basic,
          minmay_indecisive_spiral

Action                   || total
-------------------------++-------
Melee: Unarmed           ||     6
 Cast: Summon Small Mamm ||     3
Armor: Robe              ||     7
Dodge: Dodged            ||    10

Table legend: (Time is in decaauts)
 A = Elapsed time spent in this place.
 B = Non-inter-level travel time spent in this place.
 C = Inter-level travel time spent in this place.
 D = Time resting spent in this place.
 E = Time spent auto-exploring this place.
 F = Levels seen in this place.
 G = Mean time per level.
                   A        B        C        D        E       F      G
               +--------+--------+--------+--------+--------+-----+--------+
         Total |     26 |     26 |      0 |      0 |      6 |   1 |   26.0 |
       Dungeon |     26 |     26 |      0 |      0 |      6 |   1 |   26.0 |
               +--------+--------+--------+--------+--------+-----+--------+

Top non-repeatable levels by time:
     D:1: 26 daAuts
